 Dungeon Crawl Stone Soup version 0.31-a0-236-g9a0961fb85 (webtiles) character file.

Game seed: 5242386706536386210

16556 qw the Fighter (level 12, 0/118 HPs)
             Began as a Minotaur Hexslinger on July 10, 2023.
             Was a High Priest of Okawaru.
             Slain by a yak (18 damage)
             ... on level 2 of the Lair of Beasts.
             The game lasted 00:04:09 (10117 turns).

qw the Fighter (Minotaur Hexslinger)               Turns: 10117, Time: 00:04:10

Health: 0/118      AC:  9    Str: 14    XL:     12   Next: 11%
Magic:  16/17      EV:  2    Int: 10    God:    Okawaru [*****.]
Gold:   418        SH:  0    Dex: 17    Spells: 12/13 levels left

rFire   . . .        Y - +3 orcbow (flame)
rCold   + . .        (shield currently unavailable)
rNeg    . . .        o - +0 steam dragon scales
rPois   .            (helmet restricted)
rElec   .            n - +1 cloak
rCorr   .            (no gloves)
SInv    +            (no boots)
Will    .....        d - amulet of faith
Stlth   +++          g - ring of protection from cold
HPRegen 0.39/turn    k - ring of see invisible
MPRegen 0.15/turn

%: faith
@: about to teleport, sleeping, heroic
A: horns 2, retaliatory headbutt, talons 1, large bone plates 1
a: Renounce Religion, Heroism, Finesse, Duel


You were on level 2 of the Lair of Beasts.
You worshipped Okawaru.
Okawaru was extremely pleased with you.
You visited 3 branches of the dungeon, and saw 12 of its levels.

You collected 669 gold pieces.
You spent 251 gold pieces at shops.


Innate Abilities, Weirdness & Mutations

You have a pair of horns on your head.
You reflexively headbutt those who attack you in melee.
You have sharp toenails.
You are partially covered in large bone plates. (SH +4)


   Skills:
 - Level 14.5(19.5) Fighting
 - Level 14.0(19.0) Ranged Weapons
 - Level 3.1(8.1) Armour
 + Level 6.6(11.6) Dodging
 - Level 1.0 Spellcasting
 - Level 2.0 Hexes
 + Level 8.4 Invocations


You had 12 spell levels left.
You knew the following spells:

 Your Spells              Type           Power      Damage    Failure   Level
a - Slow                  Hex            16%        N/A       16%         1

Your spell library contained the following spells:

 Spells                   Type           Power      Damage    Failure   Level
 Inner Flame              Hex/Fire       2%         N/A       56%         3
 Portal Projectile        Hex/Tloc       4%         N/A       56%         3
 Cause Fear               Hex            2%         N/A       83%         4

Inventory:

Hand Weapons
 Y - a +3 orcbow of flaming (weapon)
Armour
 n - a +1 cloak (worn)
 o - +0 steam dragon scales (worn)
Jewellery
 d - an amulet of faith (around neck)
 g - a ring of protection from cold (left hand)
 k - a ring of see invisible (right hand)
 r - a ring of fire
Scrolls
 a - 6 scrolls of teleportation
 c - 2 scrolls of identify
Potions
 b - a potion of magic
 f - 15 potions of curing
 i - 3 potions of enlightenment
 j - 2 potions of haste
 l - a potion of berserk rage {unknown}
 q - 4 potions of mutation

Dungeon Overview and Level Annotations

Branches:
Dungeon (9/15)             Temple (1/1) D:4            Lair (2/5) D:9
  Snake (0/4) Lair:2
  Swamp: Lair:2-3    Shoals: Lair:2-3       Orc: D:9-12

Altars:
Ashenzari
Cheibriados
Dithmenos
Fedhas
Gozag
Kikubaaqudgha
Makhleb
Nemelex Xobeh
Okawaru
Qazlal
Ru
Sif Muna
Trog
Uskayaw
Vehumet
Wu Jian
Xom
Yredelemnul
Zin
The Shining One
Jiyva

Shops:
D:3 *   D:6 !

Annotations:
Lair:1 3 runed translucent doors, qw's ghost, journeyman GrFi


Message History

Okawaru accepts your kill.
You shoot an arrow. The arrow hits the yak!!
The arrow burns the yak.
The yak is severely wounded.
The dream sheep misses you. The dream sheep bites you!
The dream sheep completely misses you. The dream sheep bites you.
The yak closely misses you.
You shoot an arrow. The arrow hits the yak!
The arrow burns the yak.
You kill the yak!
Okawaru accepts your kill. The dream sheep completely misses you.
You furiously retaliate!
You headbutt the dream sheep.
The dream sheep are wreathed in dream dust.
You feel drowsy...
You fall asleep.
The dream sheep bites you!
You wake up.
The dream sheep bites you. The yak completely misses you.
You furiously retaliate!
You headbutt the yak! You shoot an arrow. The arrow hits the yak!!
The arrow burns the yak!
You kill the yak!
Okawaru accepts your kill.
You shoot an arrow. The arrow hits the dream sheep!
The arrow burns the dream sheep.
The dream sheep is almost dead.
The dream sheep bites you. The dream sheep misses you. You furiously retaliate!
You headbutt the dream sheep! The dream sheep closely misses you.
The dream sheep misses you. The yak gores you but does no damage.
10115 ||| READING 7 scrolls of teleportation.
As you read the scroll of teleportation, it crumbles to dust.
You feel strangely unstable. The yak misses you. You furiously retaliate!
You headbutt the yak.
The dream sheep bites you. x2; The dream sheep barely misses you.
The dream sheep bites you.
You shoot an arrow. The arrow hits the dream sheep!
The arrow burns the dream sheep.
You kill the dream sheep!
Okawaru accepts your kill. The yak closely misses you. You furiously retaliate!
You headbutt the yak! The dream sheep barely misses you.
The dream sheep shake their wool and sparkle.
You feel drowsy...
You fall asleep.
The dream sheep completely misses you. The yak gores you!!
You die...

.##.##.....####### ##.Yh...#
.............##P.## #Y#h.....
..................#####.YYh......
........................YY.......
.................................
.........................Y.......
.#...........#........#..Y.......
.....#..##.....YYY.....#..P....#
............¤~~¤@%......
............~##~Y%......
............¤¤#~........
...#......¤¤~~>=......
...#.<.#..¤~~~........
......#............#
..#...#.............
..#.##.....$..


You could see a yak and 3 dream sheep.

Vanquished Creatures
  A hydra (Lair:2)
  A two-headed ogre (D:8)
  A black mamba (Lair:1)
  A cane toad (Lair:1)
  A gargoyle (D:6)
  A rime drake (Lair:2)
  3 komodo dragons
  A troll (D:9)
  3 blink frogs (Lair:2)
  4 dream sheep (Lair:2)
  A wyvern (Lair:1)
  2 basilisks
  29 yaks
  2 steam dragons (D:7)
  Menkaure (D:3)
  2 nagas (Lair:2)
  3 water moccasins
  An ice beast (D:7)
  2 orc warriors
  A sky beast (D:7)
  2 black bears
  2 ogres
  15 wolves
  4 centaurs
  A kobold brigand (D:4)
  Blork the orc (D:6)
  3 bullfrogs
  A gnoll sergeant (D:9)
  2 scorpions
  7 wights
  3 killer bees (D:9)
  3 electric eels
  3 howler monkeys (D:8)
  11 hounds
  4 orc priests
  3 iguanas
  13 orc wizards
  A mummy (D:4)
  7 gnolls
  11 adders
  A shadow imp (D:8)
  An ufetubus (D:6)
  2 dart slugs
  40 orcs
  8 ball pythons
  6 bats
  9 endoplasms
  5 giant cockroaches
  8 goblins
  5 hobgoblins
  4 quokkas
  6 frilled lizards
  A hobgoblin zombie (D:4)
  8 kobolds
  2 kobold zombies (D:4)
  An orc zombie (D:4)
  4 rats
269 creatures vanquished.

Notes
Turn   | Place    | Note
-------+----------+-------------------------------------------
     0 | D:1      | qw the Minotaur Hexslinger began the quest for the Orb.
     0 | D:1      | Reached XP level 1. HP: 16/16 MP: 1/1
     0 | D:1      | 0 ||| qw: Version: 0.3-a-52-g30416fa
     0 | D:1      | 0 ||| qw: Game counter: 4573
     0 | D:1      | 0 ||| qw: Melee chars always use a shield: true
     0 | D:1      | 0 ||| qw: God list: Okawaru
     0 | D:1      | 0 ||| qw: Allow faded altars: false
     0 | D:1      | 0 ||| qw: Do Orc after clearing Dungeon:15 true
     0 | D:1      | 0 ||| qw: Do second Lair branch before Depths: true
     0 | D:1      | 0 ||| qw: Lair rune preference: random
     0 | D:1      | 0 ||| qw: Goals: Normal
     0 | D:1      | 0 ||| PLANNING D:1-11
   148 | D:1      | Reached skill level 3 in Ranged Weapons
   175 | D:1      | Reached XP level 2. HP: 23/23 MP: 2/2
   805 | D:1      | Reached XP level 3. HP: 29/29 MP: 3/3
   959 | D:1      | 959 ||| UPGRADING to +0 leather armour.
   969 | D:1      | 969 ||| DROPPING +0 robe.
   970 | D:1      | 970 ||| UPGRADING to +0 ring mail.
   980 | D:1      | 980 ||| DROPPING +0 leather armour.
   981 | D:1      | 981 ||| READING 2 scrolls labelled ROICELUKLE.
   985 | D:1      | 985 ||| READING scroll labelled SEUCEA FYAKKESS.
   986 | D:1      | 986 ||| READING scroll labelled WAALAS ROICH.
   987 | D:1      | 987 ||| READING scroll labelled KANWAOXTAE.
   988 | D:1      | 988 ||| READING scroll labelled ZIAXAO OTIPP.
   989 | D:1      | 989 ||| READING scroll labelled QOWIYP SIADIW.
   990 | D:1      | 990 ||| DROPPING scroll of poison.
  1074 | D:2      | Found a faded altar of an unknown god.
  1296 | D:2      | Reached skill level 1 in Armour
  1443 | D:2      | Reached XP level 4. HP: 18/36 MP: 4/4
  1542 | D:2      | You fall into a shaft and drop 2 floors!
  1559 | D:4      | 1559 ||| UPGRADING to amulet of faith.
  1564 | D:4      | 1564 ||| UPGRADING to ring of protection from cold.
  1565 | D:4      | 1565 ||| READING scroll labelled QEFUGI LYUTT.
  1565 | D:4      | Identified a scroll of acquirement
  1565 | D:4      | 1565 ||| ACQUIRING +3 orcbow of flaming
  1565 | D:4      | Acquired a +3 orcbow of flaming
  1567 | D:4      | 1567 ||| SWAPPING to +3 orcbow of flaming.
  1568 | D:4      | 1568 ||| DROPPING +1 sling.
  1569 | D:4      | 1569 ||| DRINKING 2 inky potions.
  1570 | D:4      | 1570 ||| DRINKING 3 clear potions.
  1628 | D:3      | Found a sparkling altar of Nemelex Xobeh.
  1658 | D:3      | 1658 ||| UPGRADING to ring of see invisible.
  1875 | D:2      | 1875 ||| DRINKING 2 bubbling amethyst potions.
  1876 | D:2      | 1876 ||| DROPPING potion of degeneration.
  1947 | D:3      | Found Ettirroe's General Store.
  1953 | D:3      | 1953 ||| SHOPLISTING +1 robe of willpower (127 gold, have
                  | 104).
  1953 | D:3      | 1953 ||| SHOPLISTING amulet "Muruesisch" {RegenMP *Corrode
                  | rElec rC+++ Str+3} (797 gold, have 104).
  1953 | D:3      | 1953 ||| BUYING potion of curing (30 gold).
  1953 | D:3      | Bought a potion of curing for 30 gold pieces
  2156 | D:3      | Reached skill level 3 in Fighting
  2156 | D:3      | Reached XP level 5. HP: 45/45 MP: 5/5
  2188 | D:3      | HP: 8/45 [gnoll/+0 halberd (4)]
  2189 | D:3      | 2189 ||| READING 4 scrolls of teleportation.
  2190 | D:3      | 2190 ||| DRINKING 2 potions of heal wounds.
  2642 | D:3      | 2642 ||| READING 2 scrolls labelled ZIBRIM TA WAGAENI.
  2743 | D:4      | Reached skill level 6 in Ranged Weapons
  2793 | D:4      | Found a broken altar of Ashenzari.
  2829 | D:4      | Reached XP level 6. HP: 38/51 MP: 6/6
  2829 | D:4      | 2829 ||| FLEEEEING.
  2830 | D:4      | 2830 ||| FLEEEEING.
  2831 | D:4      | 2831 ||| FLEEEEING.
  2833 | D:4      | 2833 ||| FLEEEEING.
  2833 | D:4      | Noticed Menkaure
  2834 | D:4      | 2834 ||| FLEEEEING.
  2835 | D:4      | 2835 ||| FLEEEEING.
  2836 | D:4      | 2836 ||| FLEEEEING.
  2837 | D:4      | 2837 ||| FLEEEEING.
  2838 | D:4      | 2838 ||| FLEEEEING.
  2839 | D:4      | 2839 ||| FLEEEEING.
  2840 | D:4      | 2840 ||| FLEEEEING.
  2841 | D:4      | 2841 ||| FLEEEEING.
  2842 | D:4      | 2842 ||| FLEEEEING.
  2843 | D:4      | 2843 ||| FLEEEEING.
  2844 | D:4      | 2844 ||| FLEEEEING.
  2845 | D:4      | 2845 ||| FLEEEEING.
  2846 | D:4      | 2846 ||| FLEEEEING.
  2847 | D:4      | 2847 ||| FLEEEEING.
  2848 | D:4      | 2848 ||| STAIRDANCE
  2876 | D:4      | 2876 ||| STAIRDANCE
  2954 | D:4      | 2954 ||| STAIRDANCE
  2958 | D:3      | Killed Menkaure
  2995 | D:3      | 2995 ||| DRINKING 3 ruby potions.
  2995 | D:3      | Gained mutation: You have a pair of large horns on your
                  | head. [potion of mutation]
  2995 | D:3      | Gained mutation: You do not regenerate when monsters are
                  | visible. [potion of mutation]
  2995 | D:3      | Gained mutation: You are robust. (+10% HP) [potion of
                  | mutation]
  2995 | D:3      | Gained mutation: You have supernaturally acute eyesight.
                  | (SInv) [potion of mutation]
  2996 | D:3      | 2996 ||| REMOVING ring of see invisible.
  3010 | D:3      | 3010 ||| DRINKING 2 potions of mutation.
  3010 | D:3      | Lost mutation: You have supernaturally acute eyesight.
                  | (SInv) [potion of mutation]
  3010 | D:3      | Lost mutation: You are robust. (+10% HP) [potion of
                  | mutation]
  3010 | D:3      | Lost mutation: You have a pair of large horns on your head.
                  | [potion of mutation]
  3010 | D:3      | Gained mutation: You occasionally shout uncontrollably at
                  | your foes. [potion of mutation]
  3011 | D:3      | 3011 ||| DRINKING potion of mutation.
  3011 | D:3      | Lost mutation: You occasionally shout uncontrollably at
                  | your foes. [potion of mutation]
  3011 | D:3      | Lost mutation: You do not regenerate when monsters are
                  | visible. [potion of mutation]
  3011 | D:3      | Gained mutation: You have sharp toenails. [potion of
                  | mutation]
  3011 | D:3      | Gained mutation: You are partially covered in large bone
                  | plates. (SH +4) [potion of mutation]
  3012 | D:3      | 3012 ||| UPGRADING to ring of see invisible.
  3034 | D:4      | Found a staircase to the Ecumenical Temple.
  3035 | D:4      | 3035 ||| PLANNING TEMPLE
  3043 | Temple   | Entered the Ecumenical Temple
  3044 | Temple   | 3044 ||| PLANNING OKAWARU WORSHIP
  3169 | Temple   | Became a worshipper of Warmaster Okawaru
  3170 | Temple   | 3170 ||| PLANNING D:1-11
  3295 | D:4      | Reached XP level 7. HP: 61/61 MP: 7/7
  3513 | D:4      | Reached * piety under Okawaru
  3600 | D:4      | 3600 ||| READING 2 scrolls of identify.
  3600 | D:4      | 3600 ||| IDENTIFYING fizzy red potion
  3601 | D:4      | 3601 ||| DROPPING potion of lignification.
  3625 | D:5      | Entered Level 5 of the Dungeon
  3644 | D:5      | Reached skill level 1 in Invocations
  3748 | D:5      | 3748 ||| INVOKING Heroism.
  3810 | D:5      | 3810 ||| INVOKING Heroism.
  3934 | D:5      | 3934 ||| INVOKING Heroism.
  3937 | D:5      | Reached skill level 9 in Ranged Weapons
  3945 | D:5      | Reached XP level 8. HP: 33/68 MP: 6/8
  4069 | D:5      | 4069 ||| Stepping ~*~*~tactically~*~*~ (outnumbered).
  4072 | D:5      | 4072 ||| INVOKING Heroism.
  4073 | D:5      | 4073 ||| Stepping ~*~*~tactically~*~*~ (outnumbered).
  4092 | D:5      | 4092 ||| FLEEEEING.
  4099 | D:5      | 4099 ||| INVOKING Heroism.
  4104 | D:5      | Reached skill level 3 in Dodging
  4113 | D:5      | 4113 ||| FLEEEEING.
  4565 | D:5      | 4565 ||| DROPPING scarf of harm.
  4566 | D:5      | 4566 ||| DROPPING scarf of shadows.
  4567 | D:5      | 4567 ||| READING scroll labelled JATTA PINLO.
  4568 | D:5      | 4568 ||| READING scroll labelled OSIAK WEMAI.
  4602 | D:6      | Reached skill level 6 in Fighting
  4711 | D:6      | Found a faded altar of an unknown god.
  4711 | D:6      | Found the Hermit's Pendant {Faith Invo=14 Evo=0 MP+5}
  4712 | D:6      | Noticed a gargoyle
  4721 | D:6      | Killed a gargoyle
  4722 | D:6      | Reached skill level 3 in Invocations
  4791 | D:6      | Found a sacrificial altar of Ru.
  4947 | D:6      | Found Odocs's Distillery.
  4948 | D:6      | Found a blossoming altar of Fedhas.
  4955 | D:6      | 4955 ||| SHOPLISTING 2 potions of haste (260 gold, have
                  | 222).
  4955 | D:6      | 4955 ||| BUYING potion of curing (39 gold).
  4955 | D:6      | Bought a potion of curing for 39 gold pieces
  4955 | D:6      | 4955 ||| BUYING potion of curing (39 gold).
  4955 | D:6      | Bought a potion of curing for 39 gold pieces
  4955 | D:6      | 4955 ||| BUYING potion of curing (39 gold).
  4955 | D:6      | Bought a potion of curing for 39 gold pieces
  4955 | D:6      | 4955 ||| BUYING potion of curing (39 gold).
  4955 | D:6      | Bought a potion of curing for 39 gold pieces
  4955 | D:6      | 4955 ||| BUYING potion of enlightenment (65 gold).
  4955 | D:6      | Bought a potion of enlightenment for 65 gold pieces
  4955 | D:6      | 4955 ||| SHOPLISTING potion of might (52 gold, have 1).
  5059 | D:6      | Noticed Blork the orc
  5060 | D:6      | 5060 ||| INVOKING Heroism.
  5066 | D:6      | Killed Blork the orc
  5417 | D:6      | Reached ** piety under Okawaru
  5567 | D:6      | 5567 ||| UPGRADING to +0 cloak.
  5572 | D:6      | 5572 ||| DROPPING amulet of guardian spirit.
  5573 | D:6      | 5573 ||| READING 3 scrolls of identify.
  5573 | D:6      | 5573 ||| IDENTIFYING red potion
  5574 | D:6      | 5574 ||| READING 2 scrolls of identify.
  5574 | D:6      | 5574 ||| IDENTIFYING yellow potion
  5575 | D:6      | 5575 ||| DRINKING potion of experience.
  5575 | D:6      | Reached XP level 9. HP: 96/96 MP: 11/11
  5700 | D:7      | 5700 ||| INVOKING Heroism.
  5701 | D:7      | 5701 ||| Stepping ~*~*~tactically~*~*~ (cloud).
  5706 | D:7      | 5706 ||| Stepping ~*~*~tactically~*~*~ (cloud).
  5884 | D:7      | 5884 ||| INVOKING Heroism.
  5891 | D:7      | Reached XP level 10. HP: 104/104 MP: 9/12
  5926 | D:7      | 5926 ||| INVOKING Heroism.
  6275 | D:7      | 6275 ||| READING scroll of enchant armour.
  6275 | D:7      | 6275 ||| ENCHANTING +0 cloak.
  6415 | D:7      | 6415 ||| UPGRADING to +0 steam dragon scales.
  6425 | D:7      | 6425 ||| DROPPING +0 ring mail.
  6426 | D:7      | 6426 ||| DROPPING +1 cloak.
  6427 | D:7      | 6427 ||| READING scroll labelled SICESU VEFOI.
  6556 | D:8      | Noticed a two-headed ogre
  6557 | D:8      | 6557 ||| INVOKING Heroism.
  6564 | D:8      | Killed a two-headed ogre
  6581 | D:8      | Identified the +0 ring mail of Agoraphobia {+Blink Will+
                  | Int+5 Dex-5}
  6749 | D:8      | 6749 ||| INVOKING Heroism.
  7044 | D:8      | Found a stormy altar of Qazlal.
  7113 | D:8      | 7113 ||| DROPPING +0 ring mail of Agoraphobia {+Blink Will+
                  | Int+5 Dex-5}.
  7114 | D:8      | 7114 ||| DRINKING 2 bubbling brown potions.
  7115 | D:8      | 7115 ||| DROPPING potion of attraction.
  7189 | D:9      | 7189 ||| INVOKING Heroism.
  7197 | D:9      | 7197 ||| Stepping ~*~*~tactically~*~*~ (outnumbered).
  7207 | D:9      | Reached *** piety under Okawaru
  7232 | D:9      | 7232 ||| INVOKING Heroism.
  7336 | D:9      | 7336 ||| INVOKING Heroism.
  7389 | D:9      | Reached skill level 12 in Ranged Weapons
  7445 | D:9      | Reached skill level 3 in Armour
  7456 | D:9      | 7456 ||| FLEEEEING.
  7457 | D:9      | 7457 ||| FLEEEEING.
  7458 | D:9      | 7458 ||| FLEEEEING.
  7459 | D:9      | 7459 ||| FLEEEEING.
  7460 | D:9      | 7460 ||| FLEEEEING.
  7461 | D:9      | 7461 ||| FLEEEEING.
  7462 | D:9      | 7462 ||| FLEEEEING.
  7463 | D:9      | 7463 ||| FLEEEEING.
  7464 | D:9      | 7464 ||| FLEEEEING.
  7465 | D:9      | 7465 ||| FLEEEEING.
  7466 | D:9      | 7466 ||| FLEEEEING.
  7467 | D:9      | 7467 ||| STAIRDANCE
  7500 | D:9      | 7500 ||| STAIRDANCE
  7583 | D:9      | Reached XP level 11. HP: 111/111 MP: 13/13
  7595 | D:9      | 7595 ||| INVOKING Heroism.
  7601 | D:9      | Reached skill level 6 in Dodging
  7610 | D:9      | Reached **** piety under Okawaru
  7759 | D:9      | Found a staircase to the Lair.
  7831 | D:9      | Found a hide-covered altar of Uskayaw.
  7935 | D:9      | 7935 ||| PLANNING LAIR
  7976 | Lair:1   | Entered Level 1 of the Lair of Beasts
  7981 | Lair:1   | 7981 ||| STAIRDANCE
  7988 | D:9      | 7988 ||| INVOKING Heroism.
  8091 | Lair:1   | 8091 ||| STAIRDANCE
  8369 | Lair:1   | Reached ***** piety under Okawaru
  8691 | Lair:1   | 8691 ||| INVOKING Heroism.
  8794 | Lair:1   | 8794 ||| INVOKING Heroism.
  8801 | Lair:1   | Reached skill level 6 in Invocations
  8814 | Lair:1   | Found a runed translucent gate.
  8814 | Lair:1   | Found a runed translucent gate.
  8814 | Lair:1   | Found a runed translucent gate.
  8820 | Lair:1   | Noticed qw's ghost (journeyman GrFi)
  8925 | Lair:1   | 8925 ||| INVOKING Heroism.
  9030 | Lair:1   | Found a viscous altar of Jiyva.
  9111 | Lair:1   | 9111 ||| DRINKING 3 fuming white potions.
  9201 | Lair:2   | Noticed a seven-headed hydra
  9202 | Lair:2   | 9202 ||| INVOKING Heroism.
  9208 | Lair:2   | Killed a seven-headed hydra
  9261 | Lair:2   | 9261 ||| INVOKING Heroism.
  9262 | Lair:2   | 9262 ||| READING scroll labelled ZYB TOMEQU.
  9445 | Lair:2   | 9445 ||| INVOKING Heroism.
  9450 | Lair:2   | HP: 24/111 [yak (10)]
  9451 | Lair:2   | 9451 ||| READING 10 scrolls of teleportation.
  9452 | Lair:2   | 9452 ||| DRINKING 3 potions of heal wounds.
  9455 | Lair:2   | 9455 ||| DRINKING 2 potions of heal wounds.
  9455 | Lair:2   | Found a staircase to the Snake Pit.
  9459 | Lair:2   | HP: 27/111 [wolf (1)]
  9460 | Lair:2   | 9460 ||| READING 9 scrolls of teleportation.
  9461 | Lair:2   | 9461 ||| DRINKING potion of heal wounds.
  9474 | Lair:2   | 9474 ||| READING 8 scrolls of teleportation.
  9789 | Lair:2   | 9789 ||| INVOKING Heroism.
  9953 | Lair:2   | 9953 ||| FLEEEEING.
  9954 | Lair:2   | 9954 ||| FLEEEEING.
  9955 | Lair:2   | 9955 ||| FLEEEEING.
  9959 | Lair:2   | 9959 ||| INVOKING Heroism.
 10047 | Lair:2   | Reached XP level 12. HP: 111/118 MP: 15/17
 10108 | Lair:2   | 10108 ||| INVOKING Heroism.
 10114 | Lair:2   | HP: 29/118 [dream sheep (3)]
 10115 | Lair:2   | 10115 ||| READING 7 scrolls of teleportation.
 10117 | Lair:2   | Slain by a yak

Levels and vault maps discovered:
D:1:      nicolae_arrival_washed_ashore, layout_loops_corners
D:2:      layout_loops_ring, ebering_ecumenical_altar_sacrificial, minmay_tall_x
D:3:      layout_basic, nemelex_spade_bored_becter, serial_shops, shop,
          grunt_ministairs_8, minmay_between
D:4:      wad_pebble_path, layout_cave_pools, mainiacjoe_overflow_boulevard,
          minmay_temple_entry_poolview, minmay_mini_ossuary, uniq_menkaure
D:5:      layout_loops_ring
D:6:      layout_basic, fedhas_ov_isle_minmay, nicolae_ru_path_of_blood,
          serial_shops, shop, kennysheep_path_1, hellmonk_guarded_unrand_hermit,
          uniq_blork_the_orc
D:7:      layout_loops_cross, corner_web_ring, minmay_misc_feat_ornament
D:8:      layout_basic, lemuel_coloured_pillars_altar,
          dreamdust_mushroom_princess
D:9:      layout_roguey, amcnicky_altar_gilded, erik_lair_island
Temple:   nicolae_temple_two_arcs
Lair:1:   layout_concentric_octagons, gammafunk_ghost_ooze, serial_bayou_pond_a,
          chequers_serial_rivers_large_a
Lair:2:   layout_gridlike, swamp_mist, minmay_snake_entry_guardpost_small,
          pdpol_lair_neglected_garden

Skill      XL: |  1  2  3  4  5  6  7  8  9 10 11 |
---------------+----------------------------------+-----
Ranged Weapons | 3 4 5 6 7 9 10 12 14 | 14.0
Fighting       | 2 3 5 14 | 14.5
Armour         | 1 2 3 |  3.1
Invocations    | 1 4 8 |  8.4
Dodging        | 3 4 5 6 |  6.6
Spellcasting   | |  1.0
Hexes          | |  2.0

Action                     |  1- 3 |  4- 6 |  7- 9 | 10-12 || total
---------------------------+-------+-------+-------+-------++-------
   Fire: Sling             |   131 |       |       |       ||   131
         Orcbow            |       |   137 |   157 |   455 ||   749
 Invoke: Heroism           |       |       |     8 |    17 ||    25
    Use: Scroll            |     6 |     3 |     5 |     7 ||    21
         Potion            |       |     7 |     1 |     5 ||    13
 Armour: Robe              |     3 |       |       |       ||     3
         Ring mail         |    12 |    30 |    11 |     7 ||    60
         Steam dragon scal |       |       |       |    32 ||    32
  Dodge: Dodged            |    35 |    34 |    31 |   136 ||   236
  Block: Other             |       |       |     8 |    29 ||    37

Table legend:
 A = Non-vault XP
 B = Vault XP
 C = Vault XP percentage of total XP
 D = Non-vault monster count
 E = Vault monster count
 F = Vault count percentage of total count
                 A         B        C        D         E       F
            +---------+---------+-------+---------+---------+-------
      Total |   19163 |    1851 |   8.8 |     242 |      27 |  10.0
            +---------+---------+-------+---------+---------+-------
        D:1 |      42 |       0 |   0.0 |      26 |       0 |   0.0
        D:2 |      85 |      10 |  10.5 |      17 |       4 |  19.0
        D:3 |     179 |     183 |  50.6 |      23 |       5 |  17.9
        D:4 |     477 |      22 |   4.4 |      21 |       5 |  19.2
        D:5 |     717 |       0 |   0.0 |      22 |       0 |   0.0
        D:6 |     500 |     491 |  49.5 |      13 |       2 |  13.3
        D:7 |    1215 |       0 |   0.0 |      16 |       0 |   0.0
        D:8 |    1749 |       0 |   0.0 |      21 |       0 |   0.0
        D:9 |    3363 |     822 |  19.6 |      33 |       9 |  21.4
     Lair:1 |    3440 |       0 |   0.0 |      16 |       0 |   0.0
     Lair:2 |    7396 |     323 |   4.2 |      34 |       2 |   5.6
            +---------+---------+-------+---------+---------+-------
